 Dungeon Sprint DCSS version 0.17-a0-1719-g1afd5a1 (webtiles) character file.

13200000 ztt the Plane Walker (level 27, -1/273 HPs)
             Began as a Ghoul Warper on Aug 27, 2015.
             Was the Champion of Makhleb.
             Slain by a scourge (13 damage)
             ... in the Dungeon (Sprint VIII: "Arena of Blood").
             The game lasted 00:03:19 (132 turns).

ztt the Plane Walker (Ghoul Warper)                  Turns: 132, Time: 00:03:19

Health: -1/273     AC:  6    Str: 19    XL:     27
Magic:  34/53      EV: 32    Int:  8    God:    Makhleb [******]
Gold:   0          SH:  0    Dex: 17    Spells: 1 memorised, 79 levels left

rFire  + . .     SeeInvis +     l - +∞ Axe of Woe
rCold  + . .     Clarity  .     b - +0 leather armour
rNeg   + + +     SustAt   .     (no shield)
rPois  ∞         Gourm    .     (no helmet)
rElec  .         Spirit   .     (no cloak)
rCorr  .         Warding  .     (no gloves)
rMut   .         NoTele   +     (no boots)
MR     ++...                    (no amulet)
Stlth  +++++++++.               n - ring of protection from fire
                                m - ring of see invisible

@: rotting, slowed, very slow, very resistant to hostile enchantments,
incredibly stealthy
A: rotting body, claws 1, carnivore 3, cold resistance 1, negative energy
resistance 3, slow healing 1, torment resistance, unbreathing
a: Minor Destruction, Lesser Servant of Makhleb, Major Destruction, Greater
Servant of Makhleb, Renounce Religion


You were in the Dungeon.
You worshipped Makhleb.
Makhleb was exalted by your worship.
You were not hungry.

You visited 1 branch

Inventory:

Hand weapons
 a - a +0 hand axe
 l - the +∞ Axe of Woe (weapon)
   (You found it in the Dungeon)
Missiles
 e - 5 tomahawks of dispersal (quivered)
Armour
 b - a +0 leather armour (worn)
Jewellery
 m - a ring of see invisible (left claw)
 n - a ring of protection from fire (right claw)
Scrolls
 d - 2 scrolls of blinking
Potions
 g - a potion of curing
 h - a potion of heal wounds
 i - a potion of haste
 j - 2 potions of magic
 k - a potion of berserk rage
Books
 c - a book of Spatial Translocations

   Spells                             Type                      Level
   a - Apportation                    Translocation                1
   b - Blink                          Translocation                2
   c - Shroud of Golubria             Charms/Translocation         2
   d - Portal Projectile              Translocation                3
   e - Teleport Other                 Translocation                3
   f - Passage of Golubria            Translocation                4
Comestibles
 f - a meat ration


   Skills:
 O Level 27 Fighting
 O Level 27 Axes
 O Level 27 Throwing
 O Level 27 Armour
 O Level 27 Dodging
 O Level 27 Stealth
 O Level 27 Unarmed Combat
 O Level 27 Spellcasting
 O Level 27 Translocations
 O Level 27 Invocations


You had 79 spell levels left.
You knew the following spells:

 Your Spells              Type           Power        Failure   Level  Hunger
a - Apportation           Tloc           ######....   0%          1    None


Dungeon Overview and Level Annotations

Branches:
Dungeon (1/1)

Altars:
Makhleb

Annotations:
D The Captor


Innate Abilities, Weirdness & Mutations

Your body is rotting away.
You thrive on raw meat.
You are immune to poison.
You have sharp fingernails.
You are carnivorous and can eat meat at any time.
Your flesh is cold resistant.
You are immune to negative energy.
You heal slowly when monsters are visible.
You are immune to unholy pain and torment.
You can survive without breathing.


Message History

The bag of meat shouts!
The destroyer shouts!
You hear a shout!
The destroyer blinks!
The scourge throws poison arrow at you. The poison arrow misses you.
The poison arrow hits the destroyer.
The destroyer partially resists.
You hear a shout! x4
The destroyer hits you with a +9 great sword of slicing!!!!!
Ouch! That really hurt!
* * * LOW HITPOINT WARNING * * *
x2 The destroyer bites you.
* * * LOW HITPOINT WARNING * * *
The meat beast completely misses you. The meat beast tramples you!
* * * LOW HITPOINT WARNING * * *
You hold your ground!
You hear a shout!
The destroyer hits you with a +9 great sword of slicing!
* * * LOW HITPOINT WARNING * * *
x2 The destroyer bites you but does no damage.
The scourge bites you!
You die...

ooo.W###......
.o..#..........
#.oo.o...#....... ..
#........§#..pO.. #...
#........Mz..#... #...
#........x#o.....###...
#....#...V.Gp.........###
#....##.@2)O..#........_.
#.....#SVpp.#.......#....
#.....S###.@.§.W....#_.<.
#.....##.%..#.......#.)..
#....#†.L.....#....%))._.
#....#.X.)).%........)###
#%.%.)§XS))).....###)))..
#...%)§))X%).......#)))..
#..%.§§.)%)))......#.....


You could see an accursed, a meat beast, 2 destroyers, an observer (invisible),
2 scourges, 4 fleshlords, a sculptor of flesh, a wretched soul (wandering), a
dread, The Captor, 2 meat berserkers and 8 bags of meat.

Vanquished Creatures
  6 hell knights (D)
  5 hell beasts (D)
  8 greater mummies (D)
  4 great orbs of eyes (D)
  3 wraiths (D)
  12 vampire knights (D)
  32 ogres (D)
  4 liches (D)
  2 hydras (D)
  63 orcs (D)
  6 phantoms (D)
  5 hill giants (D)
  4 skeletal warriors (D)
  4 sea snakes (D)
  2 large abominations (D)
  9 small abominations (D)
  4 crawling corpses (D)
173 creatures vanquished.

Vanquished Creatures (others)
  A crawling corpse (D)
1 creature vanquished.

Grand Total: 174 creatures vanquished

Notes
Turn   | Place    | Note
--------------------------------------------------------------
     0 | D        | ztt the Ghoul Warper began the quest for the Orb.
     0 | D        | Reached XP level 1. HP: 17/17 MP: 2/2
     3 | D        | Noticed a bag of meat
     3 | D        | Noticed a bag of meat
     4 | D        | Became a worshipper of Makhleb the Destroyer
     5 | D        | Noticed a bag of meat
     5 | D        | Noticed a bag of meat
     6 | D        | Noticed a bag of meat
     7 | D        | Noticed a meat berserker
     7 | D        | Killed a bag of meat
     7 | D        | Reached skill level 11 in Fighting
     7 | D        | Reached skill level 10 in Spellcasting
     7 | D        | Reached skill level 17 in Translocations
     7 | D        | Reached XP level 2. HP: 20/40 MP: 2/12
     7 | D        | Reached XP level 3. HP: 23/47 MP: 2/13
     7 | D        | Reached XP level 4. HP: 26/55 MP: 2/15
     7 | D        | Reached XP level 5. HP: 28/61 MP: 2/16
     7 | D        | Reached XP level 6. HP: 31/68 MP: 2/18
     7 | D        | Reached XP level 7. HP: 33/74 MP: 2/19
     7 | D        | Reached XP level 8. HP: 36/82 MP: 2/21
     7 | D        | Reached XP level 9. HP: 39/89 MP: 2/22
     7 | D        | Reached XP level 10. HP: 42/96 MP: 2/23
     7 | D        | Reached XP level 11. HP: 45/103 MP: 2/24
     7 | D        | Reached XP level 12. HP: 48/110 MP: 2/25
     8 | D        | Noticed a bag of meat
     8 | D        | Killed a bag of meat
     8 | D        | Acquired Makhleb's first power
     8 | D        | Reached skill level 20 in Translocations
     8 | D        | Reached XP level 13. HP: 50/122 MP: 2/27
     9 | D        | Noticed a bag of meat
    10 | D        | Killed a bag of meat
    10 | D        | Reached skill level 21 in Translocations
    10 | D        | Reached XP level 14. HP: 37/133 MP: 2/29
    11 | D        | Noticed a bag of meat
    11 | D        | Killed a meat berserker
    11 | D        | Acquired Makhleb's second power
    11 | D        | Reached skill level 24 in Translocations
    11 | D        | Reached XP level 15. HP: 38/145 MP: 3/32
    11 | D        | Killed a bag of meat
    11 | D        | Reached skill level 15 in Axes
    11 | D        | Reached skill level 5 in Throwing
    11 | D        | Reached skill level 25 in Translocations
    11 | D        | Killed a bag of meat
    11 | D        | Acquired Makhleb's third power
    11 | D        | Reached skill level 15 in Spellcasting
    11 | D        | Reached skill level 26 in Translocations
    11 | D        | Reached XP level 16. HP: 96/157 MP: 3/34
    12 | D        | Noticed a bag of meat
    12 | D        | Noticed a meat berserker
    12 | D        | Noticed a bag of meat
    13 | D        | Noticed a meat berserker
    13 | D        | Noticed a meat berserker
    14 | D        | Killed a bag of meat
    14 | D        | Reached skill level 27 in Translocations
    14 | D        | Killed a meat berserker
    14 | D        | Reached XP level 17. HP: 164/173 MP: 3/36
    14 | D        | Killed a bag of meat
    14 | D        | Acquired Makhleb's fourth power
    15 | D        | Noticed a meat berserker
    15 | D        | Noticed a meat berserker
    15 | D        | Noticed a bag of meat
    16 | D        | Killed a bag of meat
    16 | D        | Killed a meat berserker
    16 | D        | Acquired Makhleb's fifth power
    16 | D        | Reached XP level 18. HP: 186/192 MP: 4/40
    17 | D        | Noticed a bag of meat
    17 | D        | Noticed a bag of meat
    18 | D        | Noticed a large bag of meat
    19 | D        | Noticed a destroyer
    19 | D        | Noticed a bag of meat
    19 | D        | Killed a meat berserker
    19 | D        | Reached skill level 10 in Throwing
    19 | D        | Killed a bag of meat
    19 | D        | Reached skill level 27 in Fighting
    19 | D        | Reached XP level 19. HP: 204/207 MP: 5/42
    20 | D        | Noticed a meat berserker
    20 | D        | Noticed a destroyer
    20 | D        | Killed a meat berserker
    20 | D        | Reached skill level 10 in Armour
    21 | D        | Killed a bag of meat
    21 | D        | Reached skill level 27 in Axes
    21 | D        | Killed a bag of meat
    21 | D        | Killed a meat berserker
    21 | D        | Reached XP level 20. HP: 216/216 MP: 5/47
    22 | D        | Noticed a meat berserker
    22 | D        | Noticed a bag of meat
    22 | D        | Noticed a bag of meat
    23 | D        | Noticed a destroyer
    23 | D        | Noticed a bag of meat
    23 | D        | Noticed a large bag of meat
    23 | D        | Noticed a bag of meat
    24 | D        | Noticed a large bag of meat
    24 | D        | Killed a destroyer
    24 | D        | Reached skill level 15 in Throwing
    24 | D        | Reached skill level 15 in Armour
    24 | D        | Reached skill level 27 in Dodging
    24 | D        | Reached skill level 27 in Spellcasting
    24 | D        | Killed a large bag of meat
    24 | D        | Reached XP level 21. HP: 224/224 MP: 6/51
    25 | D        | Noticed a bag of meat
    25 | D        | Killed a meat berserker
    25 | D        | Killed a destroyer
    26 | D        | Noticed a destroyer
    26 | D        | Noticed a bag of meat
    26 | D        | Noticed a bag of meat
    26 | D        | Killed a bag of meat
    26 | D        | Reached XP level 22. HP: 233/233 MP: 7/52
    26 | D        | Killed a bag of meat
    27 | D        | Noticed a bag of meat
    27 | D        | Noticed a destroyer
    27 | D        | Noticed a destroyer
    27 | D        | Killed a large bag of meat
    27 | D        | Reached skill level 27 in Throwing
    27 | D        | Reached skill level 27 in Armour
    27 | D        | Killed a bag of meat
    27 | D        | Reached skill level 10 in Stealth
    28 | D        | Noticed a bag of meat
    28 | D        | Killed a destroyer
    28 | D        | Killed a meat berserker
    28 | D        | Reached XP level 23. HP: 240/240 MP: 7/53
    28 | D        | Killed a bag of meat
    29 | D        | Noticed a meat berserker
    29 | D        | Killed a bag of meat
    30 | D        | Killed a bag of meat
    31 | D        | Noticed a meat berserker
    31 | D        | Noticed a bag of meat
    32 | D        | Noticed a bag of meat
    32 | D        | Noticed a meat berserker
    32 | D        | Noticed a bag of meat
    33 | D        | Noticed a bag of meat
    33 | D        | Noticed a bag of meat
    33 | D        | Killed a bag of meat
    33 | D        | Killed a destroyer
    33 | D        | Reached skill level 27 in Stealth
    33 | D        | Reached skill level 27 in Unarmed Combat
    33 | D        | Reached skill level 27 in Invocations
    33 | D        | Reached XP level 24. HP: 249/249 MP: 8/53
    34 | D        | Noticed a bag of meat
    34 | D        | Noticed a meat berserker
    34 | D        | Noticed a bag of meat
    34 | D        | Noticed a bag of meat
    34 | D        | Noticed a bag of meat
    34 | D        | Noticed a bag of meat
    35 | D        | Noticed a bag of meat
    35 | D        | Killed a meat berserker
    35 | D        | Killed a bag of meat
    35 | D        | Killed a large bag of meat
    35 | D        | Killed a destroyer
    35 | D        | Reached XP level 25. HP: 257/257 MP: 9/53
    36 | D        | Noticed a sculptor of flesh
    36 | D        | Killed a bag of meat
    36 | D        | Killed a meat berserker
    36 | D        | Killed a bag of meat
    36 | D        | Killed a meat berserker
    37 | D        | Killed a bag of meat
    37 | D        | Killed a bag of meat
    37 | D        | Reached XP level 26. HP: 266/266 MP: 9/53
    38 | D        | Killed a bag of meat
    39 | D        | Killed a destroyer
    40 | D        | Noticed a bag of meat
    40 | D        | Noticed a meat berserker
    40 | D        | Killed a bag of meat
    40 | D        | Killed a bag of meat
    40 | D        | Killed a bag of meat
    40 | D        | Killed a bag of meat
    40 | D        | Reached XP level 27. HP: 273/273 MP: 10/53
    40 | D        | Killed a meat berserker
    42 | D        | Noticed a bag of meat
    42 | D        | Killed a bag of meat
    42 | D        | Killed a bag of meat
    42 | D        | Killed a bag of meat
    42 | D        | Killed a bag of meat
    43 | D        | Killed a bag of meat
    43 | D        | Killed a bag of meat
    43 | D        | Killed a meat berserker
    45 | D        | Killed a sculptor of flesh
    46 | D        | Noticed a destroyer
    49 | D        | Killed a bag of meat
    52 | D        | Noticed an accursed
    52 | D        | Noticed a meat berserker
    53 | D        | Noticed a tyrant
    56 | D        | Killed a meat berserker
    56 | D        | Killed an accursed
    57 | D        | Noticed a meat berserker
    57 | D        | Killed a bag of meat
    59 | D        | Noticed a meat beast
    59 | D        | Noticed an accursed
    59 | D        | Noticed a tyrant
    59 | D        | Noticed a meat berserker
    59 | D        | Noticed a bag of meat
    60 | D        | Noticed a meat berserker
    60 | D        | Killed a meat berserker
    61 | D        | Noticed an accursed
    61 | D        | Noticed an accursed
    62 | D        | Noticed a meat beast
    62 | D        | Killed a meat berserker
    63 | D        | Noticed a sculptor of flesh
    64 | D        | Noticed a dread
    64 | D        | Killed a meat berserker
    65 | D        | Noticed a meat berserker
    65 | D        | Noticed a meat berserker
    66 | D        | Noticed a bag of meat
    66 | D        | Noticed an accursed
    66 | D        | Noticed a bag of meat
    66 | D        | Noticed a sculptor of flesh
    66 | D        | Noticed a destroyer
    67 | D        | Noticed a bag of meat
    67 | D        | Noticed a bag of meat
    67 | D        | Killed an accursed
    68 | D        | Noticed a meat berserker
    68 | D        | Noticed a bag of meat
    68 | D        | Noticed a meat berserker
    68 | D        | Noticed a meat berserker
    68 | D        | Killed a meat berserker
    68 | D        | Killed an accursed
    69 | D        | Noticed a destroyer
    69 | D        | Killed a destroyer
    69 | D        | Killed a meat beast
    69 | D        | Killed a meat berserker
    70 | D        | Noticed a meat berserker
    70 | D        | Noticed a meat berserker
    70 | D        | Noticed an accursed
    71 | D        | Noticed a destroyer
    71 | D        | Killed a meat berserker
    71 | D        | Killed a tyrant
    72 | D        | Noticed a bag of meat
    72 | D        | Noticed a bag of meat
    72 | D        | Noticed a large bag of meat
    72 | D        | Noticed a large bag of meat
    73 | D        | Noticed a destroyer
    73 | D        | Noticed a bag of meat
    73 | D        | Noticed a meat berserker
    73 | D        | Noticed a bag of meat
    73 | D        | Noticed a meat beast
    73 | D        | Killed a bag of meat
    73 | D        | Killed a meat berserker
    73 | D        | Killed a bag of meat
    74 | D        | Noticed a bag of meat
    74 | D        | Killed a sculptor of flesh
    74 | D        | Killed a bag of meat
    74 | D        | Killed a destroyer
    75 | D        | Noticed a bag of meat
    75 | D        | Noticed a meat berserker
    75 | D        | Noticed a bag of meat
    75 | D        | Killed a destroyer
    75 | D        | Killed a destroyer
    76 | D        | Noticed a wretched soul
    76 | D        | Noticed a wretched soul
    76 | D        | Noticed a dread
    76 | D        | Noticed a bag of meat
    76 | D        | Killed a meat beast
    76 | D        | Killed an accursed
    76 | D        | Killed a sculptor of flesh
    76 | D        | Killed a meat berserker
    76 | D        | Killed a meat berserker
    77 | D        | Noticed a destroyer
    77 | D        | Noticed a meat berserker
    77 | D        | Noticed a meat berserker
    77 | D        | Killed a bag of meat
    77 | D        | Killed a tyrant
    77 | D        | Killed a meat berserker
    78 | D        | Noticed an accursed
    79 | D        | Noticed a bag of meat
    79 | D        | Noticed a meat beast
    79 | D        | Killed a meat berserker
    79 | D        | Killed a bag of meat
    80 | D        | Noticed a bag of meat
    80 | D        | Killed a bag of meat
    80 | D        | Killed a dread
    81 | D        | Killed a bag of meat
    81 | D        | Killed a bag of meat
    82 | D        | Noticed a meat berserker
    82 | D        | Noticed a sculptor of flesh
    82 | D        | Noticed a bag of meat
    82 | D        | Noticed a wretched soul
    82 | D        | Killed a wretched soul
    82 | D        | Killed a destroyer
    82 | D        | Killed a bag of meat
    83 | D        | Noticed a bag of meat
    83 | D        | Noticed a bag of meat
    83 | D        | Killed a bag of meat
    83 | D        | Killed a bag of meat
    83 | D        | Killed a large bag of meat
    84 | D        | Noticed a bag of meat
    84 | D        | Killed a dread
    84 | D        | Killed a meat berserker
    85 | D        | Noticed a meat beast
    85 | D        | Killed a meat berserker
    85 | D        | Killed a meat beast
    86 | D        | Noticed a wretched soul
    86 | D        | Killed a bag of meat
    86 | D        | Killed a wretched soul
    86 | D        | Killed a bag of meat
    87 | D        | Noticed a wretched soul
    87 | D        | Noticed a bag of meat
    88 | D        | Noticed a wretched soul
    88 | D        | Killed a bag of meat
    88 | D        | Killed a meat berserker
    88 | D        | Killed a meat berserker
    89 | D        | Noticed a destroyer
    89 | D        | Noticed a bag of meat
    90 | D        | Noticed a bag of meat
    90 | D        | Noticed an observer
    91 | D        | Killed a wretched soul
    91 | D        | Killed a large bag of meat
    92 | D        | Killed a bag of meat
    92 | D        | Killed an accursed
    92 | D        | Killed a wretched soul
    92 | D        | Killed a meat beast
    93 | D        | Killed an accursed
    93 | D        | Killed a wretched soul
    94 | D        | Noticed an accursed
    94 | D        | Noticed a bag of meat
    94 | D        | Killed a bag of meat
    94 | D        | Killed a bag of meat
    95 | D        | Killed a bag of meat
    95 | D        | Killed a bag of meat
    95 | D        | Killed a destroyer
    96 | D        | Killed a bag of meat
    97 | D        | Killed a bag of meat
    98 | D        | Killed a sculptor of flesh
    98 | D        | Killed a bag of meat
    99 | D        | Killed a bag of meat
    99 | D        | Killed a wretched soul
    99 | D        | Killed an accursed
   100 | D        | Noticed a meat berserker
   100 | D        | Killed a bag of meat
   104 | D        | Killed an observer
   105 | D        | Noticed a tyrant
   105 | D        | Killed a meat berserker
   108 | D        | Killed an accursed
   109 | D        | Noticed an observer
   111 | D        | Noticed a tyrant
   112 | D        | Killed a tyrant
   114 | D        | Noticed an observer
   118 | D        | Noticed a fleshlord
   119 | D        | Noticed a bag of meat
   119 | D        | Noticed an observer
   120 | D        | Noticed a fleshlord
   120 | D        | Killed an observer
   121 | D        | Noticed a fleshlord
   122 | D        | Noticed a bag of meat
   122 | D        | Noticed a meat berserker
   122 | D        | Noticed a fleshlord
   123 | D        | Noticed a meat berserker
   123 | D        | Noticed a meat beast
   123 | D        | Noticed a dread
   124 | D        | Noticed a fleshlord
   124 | D        | Killed a fleshlord
   124 | D        | Killed a bag of meat
   124 | D        | Noticed a bag of meat
   124 | D        | Noticed a fleshlord
   125 | D        | Killed an observer
   126 | D        | Noticed a fleshlord
   126 | D        | Noticed a bag of meat
   126 | D        | Noticed an accursed
   126 | D        | Noticed a fleshlord
   126 | D        | Killed a meat berserker
   126 | D        | Killed a tyrant
   126 | D        | Killed a meat beast
   126 | D        | Noticed The Captor
   127 | D        | Killed a meat berserker
   127 | D        | Killed a fleshlord
   127 | D        | Killed a fleshlord
   128 | D        | Noticed a bag of meat
   128 | D        | Noticed a destroyer
   128 | D        | Noticed an observer
   128 | D        | Noticed a sculptor of flesh
   128 | D        | Noticed a meat berserker
   128 | D        | Noticed a fleshlord
   128 | D        | Killed a bag of meat
   128 | D        | Killed a fleshlord
   128 | D        | Killed a dread
   129 | D        | Noticed a fleshlord
   129 | D        | Killed an observer
   129 | D        | Killed a fleshlord
   130 | D        | Noticed a meat beast
   130 | D        | Killed a fleshlord
   131 | D        | Noticed a destroyer
   131 | D        | Killed a bag of meat
   131 | D        | Noticed a bag of meat
   132 | D        | Noticed a bag of meat
   132 | D        | Noticed a meat berserker
   132 | D        | Noticed a dread
   132 | D        | Noticed a bag of meat
   132 | D        | Noticed a destroyer
   132 | D        | Noticed a bag of meat
   132 | D        | Noticed a bag of meat
   132 | D        | HP: 12/273 [destroyer/+9 great sword of slicing (2)]
   132 | D        | Slain by a scourge

Vault maps used:
D:        meatsprint

Action                   |  1- 3 |  4- 6 |  7- 9 | 10-12 | 13-15 | 16-18 | 19-21 | 22-24 | 25-27 || total
-------------------------+-------+-------+-------+-------+-------+-------+-------+-------+-------++-------
Melee: Executioner's axe |     1 |       |       |     1 |     2 |     3 |     5 |     6 |    61 ||    79
 Cast: Apportation       |       |       |       |       |       |       |       |       |     2 ||     2
